 Dungeon Crawl Stone Soup version 0.22.1-2-g9c5b331 (webtiles) character file.

4485 magicm the Slicer (level 10, -9/77 HPs)
             Began as a Demonspawn Berserker on Nov 17, 2018.
             Was an Elder of Trog.
             Mangled by a large abomination (18 damage)
             ... on level 1 of the Abyss.
             The game lasted 00:28:21 (9628 turns).

magicm the Slicer (Demonspawn Berserker)            Turns: 9628, Time: 00:28:21

Health: -9/77      AC: 14    Str: 23    XL:     10   Next: 16%
Magic:  10/10      EV: 14    Int: 11    God:    Trog [****..]
Gold:   489        SH:  0    Dex: 13    Spells: 9/9 levels left

rFire    + . .     SeeInvis +   m - +2 short sword (pierce)
rCold    . . .     Gourm    .   (no shield)
rNeg     + . .     Faith    .   j - +0 scale mail
rPois    .         Spirit   .   (helmet unavailable)
rElec    .         Reflect  .   k - +1 cloak {+Inv}
rCorr    .         Harm     .   b - +0 pair of gloves
MR       .....                  g - +0 pair of boots
Stlth    ..........             (no amulet)
HPRegen  0.22/turn              d - +2 ring of evasion
MPRegen  0.12/turn              c - ring of positive energy

@: mighty
A: antennae 3, molten scales 1, fire resistance 1, powered by pain 2
a: Berserk, Trog's Hand, Brothers in Arms, Renounce Religion, Evoke Invisibility


You were on level 1 of the Abyss.
You worshipped Trog.
Trog was greatly pleased with you.
You were not hungry.

You visited 1 branch of the dungeon, and saw 9 of its levels.
You visited the Abyss 1 time.

You collected 489 gold pieces.

Inventory:

Hand Weapons
 m - a +2 short sword of piercing (weapon)
 n - a cursed -2 trident
 u - a +1 mace of protection
 D - a +2 morningstar of protection
 E - a cursed -1 flail
 H - a +1 war axe of venom
Missiles
 B - 4 tomahawks (quivered)
Armour
 b - a +0 pair of gloves (worn)
 g - a +0 pair of boots (worn)
 j - a +0 scale mail (worn)
 k - a +1 cloak of invisibility (worn)
 w - a scarf of resistance
 A - a +2 hat
Jewellery
 c - a ring of positive energy (right hand)
 d - a +2 ring of evasion (left hand)
 o - a cursed ring of attention {unknown}
 v - an uncursed ring of poison resistance {unknown}
 y - a +3 ring of protection {unknown}
 G - an uncursed amulet of the gourmand {unknown}
Wands
 f - a wand of iceblast (13)
Scrolls
 t - a scroll of blinking
 C - a scroll of teleportation
Potions
 a - 2 potions of magic {unknown}
 e - 3 potions of invisibility {unknown}
 h - 3 potions of brilliance {unknown}
 i - 3 potions of curing {unknown}
 l - a potion of berserk rage {unknown}
 p - a potion of flight {unknown}
 q - a potion of degeneration {unknown}
 s - a potion of might {unknown}
 x - 2 potions of mutation {unknown}
 z - a potion of heal wounds
 F - a potion of agility {unknown}
Comestibles
 r - 5 rations


   Skills:
 + Level 6.9 Fighting
 + Level 8.3(8.9) Short Blades
   Level 4.7(7.1) Long Blades
 + Level 7.1 Armour
 + Level 4.6 Dodging
 + Level 1.2 Stealth


You had 9 spell levels left.
You didn't know any spells.
Your spell library was empty.

Dungeon Overview and Level Annotations

Branches:
Dungeon (9/15)             Temple (0/1) D:4
   Lair: D:8-11         Orc: D:9-12

Altars:
Dithmenos
Makhleb
Nemelex Xobeh
Ru
Sif Muna
The Shining One

Shops:
D:8 :

Annotations:
D:9 Erolcha


Innate Abilities, Weirdness & Mutations

You have a pair of large antennae on your head. (SInv)
You are partially covered in molten scales. (AC +2)
Your flesh is heat resistant. (rF+)
You sometimes gain power by taking damage.


Message History

A chaos spawn comes into view.
A chaos spawn is nearby!
The chaos spawn squeals angrily.
A large abomination materialises.
The large abomination moves out of view.
Found 15 bolts.
You now have 489 gold pieces (gained 13).
The large abomination misses you. The large abomination hits you!!
You focus on the pain.
You feel very mighty all of a sudden. The large abomination misses you.
The large abomination hits you!! The large abomination hits you!!
* * * LOW HITPOINT WARNING * * *
You puncture the large abomination!
The large abomination is lightly damaged.
The large abomination hits you!
* * * LOW HITPOINT WARNING * * *
You fail to use your ability.
The large abomination hits you!!
You die...

#.# ..... ..# ....
#.. ... ..##..## #.
##......###..
........# ....###
##..#..........#....
#..@#...#..... .. ..
#...X..# #..... ...
#.....## ##.#.# ....
####..4###...## #.
#......#.....###...
#.............#...
...##....#...........
..##
#...###.....#.... .
##.## ##.#.###. .


You could see a large abomination and a chaos spawn.

Vanquished Creatures
  2 two-headed ogres (D:8)
  A spriggan (D:7)
  3 yaks (D:8)
  The ghost of emiel the Chopper, an amateur BaSk (D:3)
  A water moccasin (D:9)
  An orc warrior (D:6)
  3 ogres
  5 centaurs
  5 bullfrogs
  A big kobold (D:3)
  A scorpion (D:6)
  3 wights (D:7)
  A howler monkey (D:3)
  2 crimson imps
  A bullfrog zombie (D:5)
  A centaur zombie (D:7)
  3 orc priests
  Crazy Yiuf (D:2)
  4 bullfrog skeletons
  2 jellies (D:5)
  2 iguanas
  4 orc wizards
  10 worker ants
  A worker ant zombie (D:5)
  6 gnolls
  8 adders
  2 shadow imps (D:6)
  2 oozes (D:1)
  An adder skeleton (D:5)
  An adder zombie (D:4)
  A worm (D:2)
  4 dart slugs
  6 leopard geckos
  24 orcs
  9 goblins
  10 hobgoblins
  16 jackals
  5 kobolds
  3 quokkas
  8 bats
  7 frilled lizards
  A quokka zombie (D:6)
  9 rats
182 creatures vanquished.

Vanquished Creatures (collateral kills)
  A centaur (D:8)
1 creature vanquished.

Grand Total: 183 creatures vanquished

Notes
Turn   | Place    | Note
-------+----------+-------------------------------------------
     0 | D:1      | magicm the Demonspawn Berserker began the quest for the
                  | Orb.
     0 | D:1      | Reached XP level 1. HP: 18/18 MP: 1/1
    82 | D:1      | Gained mutation: You have a pair of small antennae on your
                  | head. [demonic ancestry]
    82 | D:1      | Reached XP level 2. HP: 18/24 MP: 2/2
   472 | D:1      | Gained mutation: You sometimes gain a little power by
                  | taking damage. [demonic ancestry]
   472 | D:1      | Reached XP level 3. HP: 24/29 MP: 3/3
  1169 | D:2      | Reached ** piety under Trog
  1284 | D:2      | Found a sparkling altar of Nemelex Xobeh.
  1771 | D:2      | Reached XP level 4. HP: 35/35 MP: 4/4
  2300 | D:2      | Found a runed door.
  2304 | D:2      | Noticed Crazy Yiuf
  2315 | D:2      | Killed Crazy Yiuf
  2418 | D:3      | Noticed emiel's ghost (amateur BaSk)
  2421 | D:3      | Found a runed door.
  2520 | D:3      | Noticed a big kobold
  2540 | D:3      | Killed a big kobold
  2540 | D:3      | Reached XP level 5. HP: 15/42 MP: 5/5
  2879 | D:3      | Found a sacrificial altar of Ru.
  2963 | D:3      | Found a glowing golden altar of the Shining One.
  3387 | D:3      | Killed emiel's ghost
  3387 | D:3      | Gained mutation: You have a pair of antennae on your head.
                  | [demonic ancestry]
  3387 | D:3      | Reached XP level 6. HP: 36/48 MP: 6/6
  3666 | D:4      | Reached skill level 1 in Short Blades
  3964 | D:4      | Gained mutation: You sometimes gain power by taking damage.
                  | [demonic ancestry]
  3964 | D:4      | Reached XP level 7. HP: 26/55 MP: 7/7
  4689 | D:4      | Reached skill level 2 in Short Blades
  4883 | D:4      | Found a staircase to the Ecumenical Temple.
  5327 | D:5      | Entered Level 5 of the Dungeon
  5370 | D:5      | Reached *** piety under Trog
  5575 | D:5      | Reached skill level 3 in Short Blades
  6003 | D:5      | Gained mutation: You are partially covered in molten
                  | scales. (AC +2) [demonic ancestry]
  6003 | D:5      | Reached XP level 8. HP: 57/61 MP: 8/8
  6463 | D:6      | Reached skill level 4 in Short Blades
  6588 | D:6      | Reached skill level 5 in Fighting
  6591 | D:6      | Reached skill level 5 in Armour
  6609 | D:6      | Reached skill level 5 in Short Blades
  6979 | D:6      | Found a sparkling altar of Nemelex Xobeh.
  7104 | D:6      | Found a shadowy altar of Dithmenos.
  7343 | D:7      | Reached **** piety under Trog
  7404 | D:7      | Reached skill level 6 in Short Blades
  7422 | D:7      | Gained mutation: Your flesh is heat resistant. (rF+)
                  | [demonic ancestry]
  7422 | D:7      | Reached XP level 9. HP: 38/68 MP: 9/9
  8012 | D:8      | Noticed a two-headed ogre
  8026 | D:8      | Killed a two-headed ogre
  8026 | D:8      | Reached skill level 7 in Short Blades
  8645 | D:8      | Found Zasmimau's Book Shop.
  8697 | D:8      | Found a deep blue altar of Sif Muna.
  8839 | D:8      | Found a burning altar of Makhleb.
  9008 | D:8      | Noticed a two-headed ogre
  9023 | D:8      | Killed a two-headed ogre
  9023 | D:8      | Reached skill level 8 in Short Blades
  9023 | D:8      | Reached skill level 1 in Stealth
  9023 | D:8      | Gained mutation: You have a pair of large antennae on your
                  | head. (SInv) [demonic ancestry]
  9023 | D:8      | Reached XP level 10. HP: 55/77 MP: 10/10
  9540 | D:9      | Noticed Erolcha
  9546 | D:9      | Cast into level 1 of the Abyss (Erolcha)
  9569 | Abyss:1  | Noticed a smoke demon
  9604 | Abyss:1  | Noticed a large abomination
  9628 | Abyss:1  | Mangled by a large abomination

Skill      XL: |  1  2  3  4  5  6  7  8  9 10 |
---------------+-------------------------------+-----
Long Blades    | 3 4 |  4.7
Dodging        | 2 3 4 |  4.6
Armour         | 2 3 4 5 6 7 |  7.1
Fighting       | 4 5 6 |  6.9
Short Blades   | 1 3 6 8 |  8.3
Stealth        | 1 |  1.2

Action                   |  1- 3 |  4- 6 |  7- 9 | 10-12 || total
-------------------------+-------+-------+-------+-------++-------
Melee: Falchion          |   174 |   112 |       |       ||   286
       Short sword       |       |    58 |   495 |    20 ||   573
Invok: Berserk           |       |     2 |     3 |     1 ||     6
       Trog's Hand       |       |     2 |       |       ||     2
       Brothers in Arms  |       |       |     1 |       ||     1
  Use: Scroll            |     5 |     5 |     6 |       ||    16
       Potion            |       |     2 |       |       ||     2
  Eat: Ration            |     1 |     3 |     5 |     1 ||    10
       Chunk             |       |       |     1 |       ||     1
Armor: Animal skin       |     2 |       |       |       ||     2
       Ring mail         |    61 |    59 |       |       ||   120
       Scale mail        |       |     6 |   149 |     1 ||   156
Dodge: Dodged            |   151 |   124 |   305 |     9 ||   589
       Rpst.: Falchion   |    47 |    26 |       |       ||    73
